 Dungeon Crawl Stone Soup version 0.26.1-2-gb8aa6d0cf2 (webtiles) character file.

Game seed: 4328563900104908988

4461 hawla the Nimble (level 10, 0/84 HPs)
             Began as a Deep Elf Conjurer on Feb 25, 2021.
             Slain by a wyvern (8 damage)
             ... on level 9 of the Dungeon.
             The game lasted 00:29:22 (10747 turns).

hawla the Nimble (Deep Elf Conjurer)               Turns: 10747, Time: 00:29:22

Health: 0/84       AC: 25    Str:  4    XL:     10   Next: 15%
Magic:  0/24       EV:  2    Int: 27    God:
Gold:   564        SH:  0    Dex: 13    Spells: 19/26 levels left

rFire    . . .     SeeInvis .   C - +7 mace of Variability {chain chaos}
rCold    + . .     Faith    .   (shield currently unavailable)
rNeg     + + +     Spirit   .   (armour currently unavailable)
rPois    +         Reflect  .   (helmet currently unavailable)
rElec    .         Harm     .   (cloak currently unavailable)
rCorr    .         Rampage  .   (gloves currently unavailable)
Will     +....     NoTele   +   (boots currently unavailable)
Stlth    ++........             j - amulet of regeneration
HPRegen  0.64/turn              t - ring of protection from cold
MPRegen  0.19/turn              (no ring)

@: tree-form
A: no striking features
a: no special abilities


You were on level 9 of the Dungeon.
You were a tree.
You visited 2 branches of the dungeon, and saw 10 of its levels.
You also visited: Ossuary.

You collected 740 gold pieces.
You spent 176 gold pieces at shops.

Inventory:

Hand Weapons
 s - a +2 whip of flaming
 y - a +3 quarterstaff of chaos
 C - the +7 mace of Variability (weapon) {chain chaos}
   (You found it on level 8 of the Dungeon)

   Each time it hits an enemy it has a different, random effect.
Missiles
 c - 13 poisoned darts
 n - a boomerang (quivered)
 D - 7 curare-tipped darts
Armour
 a - a +1 robe (melded)
 f - a scarf of invisibility
 h - a +2 hat (melded)
 z - a +2 pair of boots of flying (melded)
 A - a +1 cloak of preservation (melded)
Magical Staves
 d - an uncursed staff of conjuration
Jewellery
 j - an amulet of regeneration (around neck)
 t - a ring of protection from cold (left branch)
Wands
 b - a wand of polymorph (16)
 e - a wand of random effects (47)
 i - a wand of flame (24)
 l - a wand of acid (7)
 E - a wand of iceblast (14)
Scrolls
 o - 4 scrolls of teleportation
 q - a scroll of amnesia
 r - 3 scrolls of remove curse
 B - a scroll of fog
Potions
 g - a potion of resistance
 k - 3 potions of brilliance
 m - a potion of magic
 p - 4 potions of flight
 u - 2 potions of cancellation
 v - a potion of berserk rage
 x - 4 potions of curing


   Skills:
 - Level 4.0 Fighting
 - Level 1.0 Throwing
 + Level 9.2 Dodging
 - Level 4.0 Stealth
 + Level 8.9 Spellcasting
 - Level 8.0 Conjurations
 + Level 8.5 Necromancy
 - Level 1.0 Translocations
 - Level 1.0 Evocations


You had 19 spell levels left.
You knew the following spells:

 Your Spells              Type           Power        Failure   Level
a - Magic Dart            Conj           100%         1%          1
b - Searing Ray           Conj           100%         1%          2
c - Iskenderun's Mystic   Conj/Tloc      36%          8%          4

Your spell library contained the following spells:

 Spells                   Type           Power        Failure   Level
 Conjure Flame            Conj/Fire      33%          2%          3
 Dazzling Flash           Conj/Hex       66%          2%          3
 Blink                    Tloc           N/A          4%          2
 Mephitic Cloud           Conj/Pois/Air  26%          4%          3
 Call Imp                 Summ           12%          8%          2
 Slow                     Hex            12%          8%          2
 Gell's Gravitas          Tloc           8%           10%         3
 Fulminant Prism          Conj/Hex       16%          10%         4
 Confusing Touch          Hex            12%          14%         3
 Petrify                  Tmut/Erth      12%          43%         4
 Metabolic Englaciation   Hex/Ice        6%           80%         5
 Yara's Violent Unravell  Hex/Tmut       6%           80%         5


Dungeon Overview and Level Annotations

Branches:
Dungeon (9/15)             Temple (1/1) D:5         Ossuary (visited)
   Lair: D:8-11         Orc: D:9-12

Altars:
Ashenzari
Cheibriados
Dithmenos
Elyvilon
Fedhas
Gozag
Hepliaklqana
Makhleb
Nemelex Xobeh
Okawaru
Qazlal
Ru
Sif Muna
Trog
Uskayaw
Vehumet
Wu Jian
Xom
Yredelemnul
Zin
The Shining One

Shops:
D:6 [

Annotations:
D:9 Psyche


Message History

The wyvern bites you but does no damage.
The wyvern bites you!
* * * LOW HITPOINT WARNING * * *
The wyvern bites you but does no damage.
Casting: Searing Ray (safe; 1% risk of failure)
Confirm with . or Enter, or press ? or * to list all spells.
You erupt in a blast of force!
The mystic blast hits the bullfrog!
The bullfrog is moderately wounded.
The bullfrog is knocked back by the mystic blast.
The bullfrog slams into the rock wall!
The mystic blast hits the wyvern.
The wyvern is almost dead.
The wyvern is knocked back by the mystic blast.
You hear a bellow! x3; You hear a shout!
Unknown command.
You closely miss the wyvern.
The wyvern is almost dead.
The wyvern bites you.
* * * LOW HITPOINT WARNING * * *
The wyvern bites you!
You die...

#...... P. . .
#.....P .P .# ..
#.### #..... . ###.
..##.... ##....>#.
#... ......##
#.......# ..###..
#.g.....
#.......######......#
........
#.......††.....#
........
##.....#..?..lF#
........
##...##.###.♣#......
........ #### #.#
#.....##.# ...)g)†.
#.........# ......).
#..######... .....)..
#### ##... .......@
### #....... #...#.#.
#....... #.?..##.


You could see a wyvern and a bullfrog (petrified).

Vanquished Creatures
  Pikel (D:6)
  Joseph (D:7)
  Eustachio (D:6)
  2 chaos spawn (D:8)
  Duvessa (D:7)
  2 water moccasins (D:9)
  A black bear (D:8)
  2 phantoms (D:6)
  An ice beast (D:9)
  A necrophage (D:8)
  4 ogres
  A centaur (D:6)
  4 bullfrogs
  A wyvern zombie (D:9)
  A gnoll sergeant (D:7)
  Dowan (D:7)
  2 scorpions
  3 wights (D:4)
  4 killer bees (D:8)
  A howler monkey (D:5)
  3 bullfrog zombies
  A quasit (D:5)
  2 hounds
  Crazy Yiuf (D:6)
  4 orc priests
  6 orc wizards
  Jessica (D:2)
  3 iguanas
  3 worker ants
  A killer bee zombie (D:8)
  A big kobold zombie (Ossuary)
  A hound zombie (D:5)
  A hound skeleton (D:6)
  8 mummies (Ossuary)
  9 gnolls
  13 adders
  A shadow imp (D:7)
  A white imp (D:8)
  4 worms
  A dart slug (D:2)
  6 leopard geckos
  31 orcs
  8 bats
  9 giant cockroaches
  8 goblins
  6 hobgoblins
  10 jackals
  3 quokkas
  3 ball pythons (D:3)
  4 frilled lizards
  A gnoll zombie (Ossuary)
  3 hobgoblin zombies (Ossuary)
  8 kobolds
  A kobold zombie (Ossuary)
  2 leopard gecko skeletons
  2 orc zombies (Ossuary)
  A quokka zombie (D:7)
  6 rats
212 creatures vanquished.

Vanquished Creatures (others)
  8 fungi
  14 plants (D:9)
22 creatures vanquished.

Grand Total: 234 creatures vanquished

Notes
Turn   | Place    | Note
-------+----------+-------------------------------------------
     0 | D:1      | hawla the Deep Elf Conjurer began the quest for the Orb.
     0 | D:1      | Reached XP level 1. HP: 10/10 MP: 6/6
   326 | D:1      | Reached XP level 2. HP: 16/16 MP: 6/8
   360 | D:1      | Learned a level 2 spell: Searing Ray
   962 | D:1      | Reached skill level 1 in Fighting
   962 | D:1      | Reached skill level 3 in Dodging
   962 | D:1      | Reached XP level 3. HP: 20/20 MP: 5/9
  1212 | D:2      | Reached skill level 5 in Conjurations
  1245 | D:2      | Found a stormy altar of Qazlal.
  1474 | D:2      | Reached XP level 4. HP: 25/25 MP: 7/10
  1479 | D:2      | Learned a level 4 spell: Iskenderun's Mystic Blast
  1761 | D:2      | Noticed Jessica
  1765 | D:2      | Killed Jessica
  1766 | D:2      | Reached skill level 4 in Dodging
  2600 | D:3      | Reached XP level 5. HP: 29/29 MP: 8/11
  3719 | D:4      | Reached skill level 5 in Dodging
  3823 | D:4      | Reached XP level 6. HP: 34/34 MP: 6/12
  3931 | D:4      | Found a burning altar of Makhleb.
  4028 | D:4      | Found a glowing silver altar of Zin.
  4028 | D:4      | Noticed a green death
  4028 | D:4      | Noticed an angel
  4432 | D:5      | Entered Level 5 of the Dungeon
  4441 | D:5      | Found a staircase to the Ecumenical Temple.
  4445 | Temple   | Entered the Ecumenical Temple
  4705 | D:5      | Reached skill level 1 in Necromancy
  4705 | D:5      | Reached skill level 1 in Translocations
  4828 | D:5      | Reached XP level 7. HP: 38/38 MP: 7/13
  5683 | D:5      | Found a bloodstained altar of Trog.
  5694 | D:5      | Found a broken altar of Ashenzari.
  5743 | D:5      | Reached skill level 6 in Dodging
  5852 | D:6      | Found a sand-covered staircase.
  5880 | Ossuary  | Entered an ossuary
  6048 | Ossuary  | Reached skill level 1 in Evocations
  6164 | Ossuary  | Reached skill level 1 in Throwing
  6375 | D:6      | Found Atiut's Armour Boutique.
  6380 | D:6      | Bought a +2 hat for 176 gold pieces
  6530 | D:6      | Noticed Eustachio
  6634 | D:6      | Killed Eustachio
  6635 | D:6      | Reached XP level 8. HP: 45/45 MP: 5/15
  7120 | D:6      | Found a blossoming altar of Fedhas.
  7208 | D:6      | Reached skill level 7 in Dodging
  7208 | D:6      | Reached skill level 5 in Spellcasting
  7314 | D:6      | Noticed Pikel
  7322 | D:6      | Killed Pikel
  7551 | D:6      | Found a runed translucent door.
  7552 | D:6      | Noticed Crazy Yiuf
  7558 | D:6      | Killed Crazy Yiuf
  7698 | D:7      | Noticed Duvessa
  7698 | D:7      | Noticed Dowan
  7707 | D:7      | Reached XP level 9. HP: 47/51 MP: 5/20
  7838 | D:7      | Killed Duvessa
  7843 | D:7      | Killed Dowan
  8672 | D:7      | Noticed Joseph
  8759 | D:7      | Killed Joseph
  9400 | D:8      | Reached skill level 8 in Dodging
  9966 | D:8      | Found a shimmering altar of Xom.
  9967 | D:8      | Found the +7 mace of Variability {chain chaos}
 10577 | D:9      | Reached XP level 10. HP: 56/56 MP: 10/24
 10589 | D:9      | Reached skill level 9 in Dodging
 10695 | D:9      | Noticed Psyche
 10747 | D:9      | Slain by a wyvern

Illustrated notes

Levels and vault maps discovered:
D:1:      giann_forest_graveyard, layout_basic
D:2:      minmay_chambers_of_ones, layout_basic, lemuel_doored_altar,
          uniq_jessica
D:3:      layout_loops_corners
D:4:      layout_rooms, grunt_temple_overflow_order_and_chaos_2,
          ebering_dispersal_statue_hall
D:5:      layout_loops_corners, amethyst_overflow_temple_binary,
          minmay_temple_entry_antechambers
D:6:      layout_basic, enter_ossuary_1, serial_shops, shop_fountains,
          minmay_misc_feat_alley, fedhas_bush_and_centaur_altar,
          uniq_crazy_yiuf_cottage, uniq_eustachio, uniq_pikel
D:7:      layout_basic, uniq_duvessa, uniq_joseph
D:8:      layout_cave_pools, minmay_guarded_unrand_variability
D:9:      layout_rooms, kennysheep_mini_moat, minmay_lair_entry_grove,
          uniq_psyche
Temple:   eino_temple_rhombus

Skill      XL: |  1  2  3  4  5  6  7  8  9 10 |
---------------+-------------------------------+-----
Stealth        | 3 4 |  4.0
Fighting       | 1 2 3 4 |  4.0
Dodging        | 3 4 5 6 7 8 9 |  9.2
Conjurations   | 5 6 7 8 |  8.0
Necromancy     | 1 3 6 8 |  8.5
Translocations | 1 |  1.0
Evocations     | 1 |  1.0
Throwing       | 1 |  1.0
Spellcasting   | 6 8 |  8.9

Action                   |  1- 3 |  4- 6 |  7- 9 | 10-12 || total
-------------------------+-------+-------+-------+-------++-------
Melee: Unarmed           |    12 |       |       |       ||    12
       Dagger            |       |       |    15 |       ||    15
       Whip              |       |       |     1 |       ||     1
       Quarterstaff      |       |       |    14 |       ||    14
       Great mace        |       |       |     5 |    20 ||    25
       Staff             |       |       |       |     1 ||     1
Throw: Boomerang         |       |       |     3 |       ||     3
 Cast: Magic Dart        |    30 |    32 |    46 |     3 ||   111
       Searing Ray       |    16 |    42 |    84 |     4 ||   146
       Iskenderun's Myst |       |     1 |    29 |     6 ||    36
 Abil: Stop Flying       |       |     1 |       |       ||     1
  Use: Scroll            |       |    14 |    11 |     1 ||    26
       Potion            |       |       |     7 |     1 ||     8
 Stab: Invisible         |       |       |     1 |       ||     1
       Sleeping          |       |       |     2 |       ||     2
Armor: Robe              |     2 |     3 |    39 |     9 ||    53
       Skin              |       |       |     7 |    15 ||    22
Dodge: Dodged            |    11 |    15 |   105 |    31 ||   162
